 Dungeon Crawl Stone Soup version 0.31.0 (webtiles) character file.

Game seed: 6807867845400375065

4832 qw the Skirmisher (level 10, -2/64 HPs)
             Began as a Gargoyle Hunter on Jan 20, 2024.
             Slain by a yak (6 damage)
             ... on level 8 of the Dungeon.
             The game lasted 00:01:03 (8372 turns).

qw the Skirmisher (Gargoyle Hunter)                 Turns: 8372, Time: 00:01:03

Health: -2/64      AC: 12    Str: 22    XL:     10   Next: 49%
Magic:  25/25      EV: 14    Int:  4    God:
Gold:   386        SH:  0    Dex: 20    Spells: 9/9 levels left

rFire   . . .        e - +6 orcbow "Huclatuu" {heavy, Dex+3}
rCold   . . .        (shield currently unavailable)
rNeg    + + +        t - +0 steam dragon scales
rPois   inf          (no helmet)
rElec   +            (no cloak)
rCorr   +            (no gloves)
SInv    .            (no boots)
Will    .....        r
                       - Hermit's Pendant {Faith Invo=14 Evo=0 MP+5}
Stlth   ++           l - ring of Immorality {rElec rN+++ rCorr Str+6 Int-5}
HPRegen 0.30/turn    (no ring)
MPRegen 0.19/turn

%: faith
@: about to teleport
A: sickness immunity, AC +7, negative energy resistance 1, electricity
resistance, torment resistance 1, petrification resistance
a: no special abilities


You were on level 8 of the Dungeon.
You visited 2 branches of the dungeon, and saw 10 of its levels.
You also visited: Sewer.

You collected 386 gold pieces.


Innate Abilities, Weirdness & Mutations

You are immune to sickness and miasma.
Your stone body is resilient. (AC +7)
You are immune to poison.
You resist negative energy. (rN+)
You are resistant to electric shocks. (rElec)
You are resistant to unholy torment.
You are immune to petrification.


   Skills:
 - Level 8.1 Fighting
 + Level 12.9 Ranged Weapons
 - Level 2.5 Armour
 - Level 4.0 Dodging
 - Level 1.1 Stealth


You had 9 spell levels left.
You didn't know any spells.
Your spell library was empty.

Inventory:

Hand Weapons
 e - the +6 orcbow "Huclatuu" (weapon) {heavy, Dex+3}
   (You acquired it on level 1 of the Dungeon)

   Dex+3:     It affects your dexterity (+3).
Armour
 t - +0 steam dragon scales (worn)
Jewellery
 f - a ring of ice
 l - the ring of Immorality (left hand) {rElec rN+++ rCorr Str+6 Int-5}
   (You acquired it on level 4 of the Dungeon)

   [ring of strength]

   Str+6:     It affects your strength (+6).
   Int-5:     It affects your intelligence (-5).
   rElec:     It insulates you from electricity.
   rN+++:     It renders you almost immune to negative energy.
   rCorr:     It protects you from acid and corrosion.
 p - an amulet of reflection
 r - the Hermit's Pendant (around neck) {Faith Invo=14 Evo=0 MP+5}
   (You found it on level 7 of the Dungeon)

   [amulet of faith]

   Invo=14: It sets your Invocations skill to 14.
   Evo=0: It sets your Evocations skill to 0.
   Faith:     It allows you to gain divine favour quickly.
   MP+5:      It affects your magic capacity (+5).
Wands
 b - a wand of light (12)
 k - a wand of iceblast (1)
Scrolls
 m - 2 scrolls of teleportation
 q - 2 scrolls of enchant weapon
Potions
 a - 2 potions of heal wounds
 c - a potion of resistance
 d - a potion of curing
 j - a potion of cancellation
 n - a potion of might {unknown}

Dungeon Overview and Level Annotations

Branches:
Dungeon (9/15)             Temple (1/1) D:5           Sewer (visited)
   Lair: D:8-11         Orc: D:9-12

Altars:
Ashenzari
Cheibriados
Dithmenos
Elyvilon
Gozag
Makhleb
Okawaru
Qazlal
Ru
Sif Muna
Trog
Uskayaw
Vehumet
Xom
Yredelemnul
The Shining One

Shops:
D:3 (   D:4 (

Annotations:
D:3 2 transporters
D:7 1 runed translucent door, 2 transporters, Crazy Yiuf; qw's ghost, novice GrHu


Message History

Enter note:
Enter note:
Enter note:
Enter note:
Enter note:
Enter note:
Enter note:
Enter note:
Enter note:
Enter note:
Enter note:
Enter note:
Enter note:
Enter note:
Enter note:
Enter note:
Enter note:
Enter note:
Enter note:
Enter note:
Enter note:
Enter note:
8369 ||| RETREEEEATING.
You shoot an arrow. The arrow hits the yak!!
The yak is almost dead.
The bullfrog completely misses you. The yak gores you!
The yak completely misses you. The yak barely misses you.
The bullfrog hits you.
8370 ||| RETREEEEATING.
You shoot an arrow. The arrow hits the yak.
The yak is almost dead.
The yak misses you. The bullfrog hits you. The yak gores you.
The yak gores you but does no damage.
8371 ||| RETREEEEATING.
You shoot an arrow. The arrow completely misses the yak.
The bullfrog hits you. The yak barely misses you.
The yak gores you but does no damage. The yak gores you. The bullfrog hits you.
The yak gores you! The yak completely misses you. The yak gores you.
8372 ||| READING 3 scrolls of teleportation.
As you read the scroll of teleportation, it crumbles to dust.
You feel strangely unstable. The bullfrog barely misses you.
The bullfrog closely misses you. The yak gores you but does no damage.
The yak gores you! The yak gores you.
You die...

##########....>..# #........'...+
##########.......# #..#######...#
........#........# #..###########
#######.#........# #............#
......#.#........# #.##########.#
.####+#'#........###.#####.# #.#
..........#....#....(......# #..
#.##......#....#####.#####.# #..
#.##......#....Y@F....)).#.# #..
#.##......#....#YY.###)#.#.# #..
#.##......##...#...##.)#.#.# #..
#.##...........#<..#.....#.# #..
#.#####+#####..#...#######.# #..
#.#####.>..................####.#
.............#..#.########.))....
#.########......#........#.......
...........#....#........'.......


You could see 3 yaks and a bullfrog.

Vanquished Creatures
  Joseph (D:7)
  A kobold demonologist (D:8)
  2 yaks (D:8)
  A wyvern (D:8)
  A wraith (D:7)
  2 steam dragons
  Duvessa (D:7)
  4 orc warriors
  Pargi (D:4)
  An ice beast (D:5)
  2 ogres
  6 kobold brigands
  2 bullfrogs
  A gnoll sergeant (D:8)
  2 brain worms (Sewer)
  2 scorpions
  Dowan (D:7)
  4 killer bees (D:8)
  A howler monkey (D:6)
  5 bombardier beetles
  A hound (D:4)
  2 gnoll boudas
  An orc priest (D:7)
  Jessica (D:3)
  Terence (D:3)
  3 sleepcaps
  Natasha (twice) (D:4)
  10 iguanas
  7 orc wizards
  14 gnolls
  21 adders
  7 river rats
  A shadow imp (D:8)
  A white imp (D:7)
  2 ufetubi (D:5)
  2 ribbon worms
  3 dart slugs
  19 orcs
  3 bats (D:1)
  8 endoplasms
  8 giant cockroaches
  15 goblins
  10 hobgoblins
  6 jackals
  20 kobolds
  6 quokkas
  6 ball pythons
  7 frilled lizards
  9 rats
237 creatures vanquished.

Vanquished Creatures (others)
  An orc wizard (D:4)
1 creature vanquished.

Grand Total: 238 creatures vanquished

Notes
Turn   | Place    | Note
-------+----------+-------------------------------------------
     0 | D:1      | qw the Gargoyle Hunter began the quest for the Orb.
     0 | D:1      | Reached XP level 1. HP: 12/12 MP: 1/1
     0 | D:1      | 0 ||| qw: Version: 0.3-a-132-g3d54051
     0 | D:1      | 0 ||| qw: Game counter: 527
     0 | D:1      | 0 ||| qw: Melee chars always use a shield: true
     0 | D:1      | 0 ||| qw: God list: Okawaru
     0 | D:1      | 0 ||| qw: Allow faded altars: false
     0 | D:1      | 0 ||| qw: Do Orc after clearing Dungeon:15 true
     0 | D:1      | 0 ||| qw: Do second Lair branch before Depths: true
     0 | D:1      | 0 ||| qw: Lair rune preference: random
     0 | D:1      | 0 ||| qw: Goals: Normal
     0 | D:1      | 0 ||| PLANNING D:1-11
    83 | D:1      | Reached XP level 2. HP: 17/17 MP: 2/2
   456 | D:1      | Reached XP level 3. HP: 21/21 MP: 3/3
   537 | D:1      | Reached skill level 5 in Ranged Weapons
   712 | D:1      | 712 ||| DROPPING +6 ring of intelligence.
   713 | D:1      | 713 ||| READING scroll labelled DONLARR JOSMIRGH.
   713 | D:1      | Identified a scroll of acquirement
   713 | D:1      | 713 ||| ACQUIRING +6 orcbow "Huclatuu" {heavy, Dex+3}
   713 | D:1      | Acquired the +6 orcbow "Huclatuu" {heavy, Dex+3}
   715 | D:1      | 715 ||| SWAPPING to +6 orcbow "Huclatuu" {heavy, Dex+3}.
   716 | D:1      | 716 ||| DROPPING +0 shortbow.
   717 | D:1      | 717 ||| READING 2 scrolls labelled LIODEKLU WOYJA.
   818 | D:1      | 818 ||| READING scroll labelled DIAGRA KOGUE.
   819 | D:1      | 819 ||| DRINKING 2 purple potions.
   820 | D:1      | 820 ||| DROPPING scroll of butterflies.
   821 | D:1      | 821 ||| DROPPING scroll of vulnerability.
   950 | D:2      | Reached skill level 3 in Fighting
  1074 | D:2      | Reached XP level 4. HP: 28/28 MP: 4/4
  1515 | D:2      | 1515 ||| UPGRADING to +0 ring mail.
  1525 | D:2      | 1525 ||| DROPPING +0 leather armour.
  1526 | D:2      | 1526 ||| READING scroll labelled VEDGHO SIJAUPNO.
  1527 | D:2      | 1527 ||| READING 3 scrolls labelled ACHIDIACKA.
  1527 | D:2      | 1527 ||| IDENTIFYING sapphire potion
  1528 | D:2      | 1528 ||| READING 2 scrolls of identify.
  1528 | D:2      | 1528 ||| IDENTIFYING scroll labelled KIYGHA DILYMME
  1600 | D:3      | Found Orecs's Weapon Shoppe.
  1613 | D:3      | Noticed a black bear
  1700 | D:3      | Found a transporter.
  1700 | D:3      | Found a transporter.
  1716 | D:3      | Found an iron altar of Okawaru.
  1718 | D:3      | You fall into a shaft and drop 2 floors!
  1718 | D:5      | Entered Level 5 of the Dungeon
  1737 | D:5      | 1737 ||| FLEEEEING.
  1738 | D:5      | 1738 ||| FLEEEEING.
  1739 | D:5      | 1739 ||| FLEEEEING.
  1740 | D:5      | 1740 ||| FLEEEEING.
  1741 | D:5      | 1741 ||| FLEEEEING.
  1742 | D:5      | 1742 ||| FLEEEEING.
  1743 | D:5      | 1743 ||| FLEEEEING.
  1744 | D:5      | 1744 ||| STAIRDANCE
  1749 | D:4      | Reached skill level 1 in Armour
  1761 | D:4      | 1761 ||| READING scroll of acquirement.
  1761 | D:4      | 1761 ||| ACQUIRING ring of Immorality {rElec rN+++ rCorr
                  | Str+6 Int-5}
  1761 | D:4      | Acquired the ring of Immorality {rElec rN+++ rCorr Str+6
                  | Int-5}
  1763 | D:4      | 1763 ||| UPGRADING to ring of Immorality {rElec rN+++ rCorr
                  | Str+6 Int-5}.
  1792 | D:4      | 1792 ||| UPGRADING to amulet of the acrobat.
  1797 | D:4      | 1797 ||| FLEEEEING.
  1801 | D:4      | 1801 ||| STAIRDANCE
  1802 | D:3      | Found a shadowy altar of Dithmenos.
  1805 | D:3      | Found a faded altar of an unknown god.
  1808 | D:3      | 1808 ||| READING scroll of identify.
  1808 | D:3      | 1808 ||| IDENTIFYING golden potion
  1809 | D:3      | 1809 ||| DROPPING potion of attraction.
  1810 | D:3      | 1810 ||| Stepping randomly (stuck).
  1811 | D:3      | 1811 ||| Stepping randomly (stuck).
  1812 | D:3      | 1812 ||| Stepping randomly (stuck).
  1813 | D:3      | 1813 ||| Stepping randomly (stuck).
  1814 | D:3      | 1814 ||| Stepping randomly (stuck).
  1815 | D:3      | 1815 ||| Stepping randomly (stuck).
  1816 | D:3      | 1816 ||| Stepping randomly (stuck).
  1817 | D:3      | 1817 ||| Stepping randomly (stuck).
  1818 | D:3      | 1818 ||| Stepping randomly (stuck).
  1819 | D:3      | 1819 ||| Stepping randomly (stuck).
  1820 | D:3      | 1820 ||| Stepping randomly (stuck).
  1821 | D:3      | 1821 ||| Stepping randomly (stuck).
  1822 | D:3      | 1822 ||| Stepping randomly (stuck).
  1823 | D:3      | 1823 ||| Stepping randomly (stuck).
  1824 | D:3      | 1824 ||| Stepping randomly (stuck).
  1825 | D:3      | 1825 ||| Stepping randomly (stuck).
  1826 | D:3      | 1826 ||| Stepping randomly (stuck).
  1827 | D:3      | 1827 ||| Stepping randomly (stuck).
  1828 | D:3      | 1828 ||| Stepping randomly (stuck).
  1829 | D:3      | 1829 ||| Stepping randomly (stuck).
  1830 | D:3      | 1830 ||| Stepping randomly (stuck).
  1831 | D:3      | 1831 ||| Stepping randomly (stuck).
  1832 | D:3      | 1832 ||| Stepping randomly (stuck).
  1833 | D:3      | 1833 ||| Stepping randomly (stuck).
  1834 | D:3      | 1834 ||| Stepping randomly (stuck).
  1835 | D:3      | 1835 ||| Stepping randomly (stuck).
  1836 | D:3      | 1836 ||| Stepping randomly (stuck).
  1837 | D:3      | 1837 ||| Stepping randomly (stuck).
  1838 | D:3      | 1838 ||| Stepping randomly (stuck).
  1839 | D:3      | 1839 ||| Stepping randomly (stuck).
  1840 | D:3      | 1840 ||| Stepping randomly (stuck).
  1841 | D:3      | 1841 ||| Stepping randomly (stuck).
  1842 | D:3      | 1842 ||| Stepping randomly (stuck).
  1843 | D:3      | 1843 ||| Stepping randomly (stuck).
  1844 | D:3      | 1844 ||| Stepping randomly (stuck).
  1845 | D:3      | 1845 ||| Stepping randomly (stuck).
  1846 | D:3      | 1846 ||| Stepping randomly (stuck).
  1847 | D:3      | 1847 ||| Stepping randomly (stuck).
  1848 | D:3      | 1848 ||| Stepping randomly (stuck).
  1849 | D:3      | 1849 ||| Stepping randomly (stuck).
  1850 | D:3      | 1850 ||| Stepping randomly (stuck).
  1851 | D:3      | 1851 ||| Stepping randomly (stuck).
  1852 | D:3      | 1852 ||| Stepping randomly (stuck).
  1853 | D:3      | 1853 ||| Stepping randomly (stuck).
  1854 | D:3      | 1854 ||| Stepping randomly (stuck).
  1855 | D:3      | 1855 ||| Stepping randomly (stuck).
  1856 | D:3      | 1856 ||| Stepping randomly (stuck).
  1857 | D:3      | 1857 ||| Stepping randomly (stuck).
  1858 | D:3      | 1858 ||| Stepping randomly (stuck).
  1859 | D:3      | 1859 ||| Stepping randomly (stuck).
  1860 | D:3      | 1860 ||| Stepping randomly (stuck).
  1861 | D:3      | 1861 ||| READING scroll of teleportation.
  1876 | D:3      | Reached XP level 5. HP: 32/32 MP: 5/5
  1909 | D:3      | Noticed Terence
  1910 | D:3      | Killed Terence
  1915 | D:3      | Reached skill level 6 in Ranged Weapons
  1978 | D:3      | Noticed Jessica
  1982 | D:3      | Killed Jessica
  1988 | D:3      | 1988 ||| READING scroll labelled XED TYJYEST.
  2239 | D:4      | Reached XP level 6. HP: 38/38 MP: 6/6
  2286 | D:4      | 2286 ||| DRINKING 3 potions of curing.
  2286 | D:4      | 2286 ||| (to cure confusion)
  2295 | D:4      | 2295 ||| FLEEEEING.
  2453 | D:4      | Noticed Pargi
  2454 | D:4      | 2454 ||| ZAPPING wand of iceblast (7) at -3,1 (Pargi;
                  | floor).
  2455 | D:4      | 2455 ||| ZAPPING wand of iceblast (6) at -2,1 (Pargi;
                  | floor).
  2457 | D:4      | Killed Pargi
  2458 | D:4      | Reached skill level 7 in Ranged Weapons
  2458 | D:4      | Reached XP level 7. HP: 43/43 MP: 7/7
  2525 | D:4      | Noticed Natasha
  2528 | D:4      | Killed Natasha
  2529 | D:4      | 2529 ||| FLEEEEING.
  2552 | D:4      | Found a bloodstained altar of Trog.
  2637 | D:4      | Noticed Natasha
  2638 | D:4      | Killed Natasha
  2658 | D:4      | Found a shimmering altar of Xom.
  2708 | D:4      | Found Beilen's Weapon Shop.
  2708 | D:4      | Noticed a +0 executioner's axe
  2708 | D:4      | Noticed a +0 giant club
  2881 | D:5      | 2881 ||| RETREEEEATING.
  2882 | D:5      | 2882 ||| RETREEEEATING.
  2883 | D:5      | 2883 ||| RETREEEEATING.
  2884 | D:5      | 2884 ||| RETREEEEATING.
  2885 | D:5      | 2885 ||| RETREEEEATING.
  2887 | D:5      | Reached skill level 8 in Ranged Weapons
  3052 | D:5      | Reached XP level 8. HP: 49/49 MP: 8/8
  3082 | D:5      | Found a staircase to the Ecumenical Temple.
  3083 | D:5      | 3083 ||| PLANNING TEMPLE
  3083 | D:5      | 3083 ||| DRINKING 2 viscous grey potions.
  3092 | Temple   | Entered the Ecumenical Temple
  3093 | Temple   | 3093 ||| PLANNING D:1-11
  3312 | D:5      | Reached skill level 9 in Ranged Weapons
  3331 | D:5      | Found a hide-covered altar of Uskayaw.
  3398 | D:6      | 3398 ||| PLANNING SEWER
  3550 | D:6      | Reached skill level 6 in Fighting
  3970 | D:6      | Found a glowing drain.
  3980 | D:6      | 3980 ||| UPGRADING to amulet of reflection.
  3990 | D:6      | 3990 ||| DROPPING amulet of the acrobat.
  3991 | D:6      | 3991 ||| READING 3 scrolls labelled RIUKUL FEPLUIL.
  3992 | D:6      | 3992 ||| DROPPING 2 scrolls of fog.
  3998 | Sewer    | Entered a sewer
  4323 | Sewer    | Reached skill level 10 in Ranged Weapons
  4636 | Sewer    | 4636 ||| DRINKING 2 brown potions.
  4682 | D:6      | 4682 ||| PLANNING D:1-11
  4748 | D:6      | Reached XP level 9. HP: 55/55 MP: 9/9
  5141 | D:7      | Reached skill level 3 in Dodging
  5141 | D:7      | 5141 ||| STAIRDANCE
  5143 | D:6      | 5143 ||| FLEEEEING.
  5168 | D:7      | Noticed Joseph
  5171 | D:7      | 5171 ||| FLEEEEING.
  5172 | D:7      | 5172 ||| STAIRDANCE
  5223 | D:7      | 5223 ||| ZAPPING wand of iceblast (5) at 4,0 (floor).
  5224 | D:7      | 5224 ||| STAIRDANCE
  5226 | D:6      | 5226 ||| FLEEEEING.
  5261 | D:7      | 5261 ||| STAIRDANCE
  5320 | D:7      | 5320 ||| FLEEEEING.
  5321 | D:7      | 5321 ||| FLEEEEING.
  5322 | D:7      | 5322 ||| FLEEEEING.
  5323 | D:7      | 5323 ||| FLEEEEING.
  5324 | D:7      | 5324 ||| STAIRDANCE
  5378 | D:7      | 5378 ||| STAIRDANCE
  5380 | D:6      | 5380 ||| FLEEEEING.
  5428 | D:7      | 5428 ||| ZAPPING wand of iceblast (4) at 4,1 (Joseph;
                  | floor).
  5429 | D:7      | 5429 ||| STAIRDANCE
  5431 | D:6      | 5431 ||| FLEEEEING.
  5486 | D:7      | 5486 ||| STAIRDANCE
  5488 | D:6      | 5488 ||| FLEEEEING.
  5540 | D:7      | Killed Joseph
  5541 | D:7      | 5541 ||| STAIRDANCE
  5543 | D:6      | 5543 ||| FLEEEEING.
  5749 | D:7      | Found a runed translucent door.
  5750 | D:7      | Noticed Crazy Yiuf
  5789 | D:7      | Found a faded altar of an unknown god.
  5789 | D:7      | Found the Hermit's Pendant {Faith Invo=14 Evo=0 MP+5}
  5818 | D:7      | Noticed Duvessa
  5819 | D:7      | Killed Duvessa
  5819 | D:7      | Noticed Dowan
  5820 | D:7      | Killed Dowan
  5973 | D:7      | Found a bloodstained altar of Trog.
  5973 | D:7      | Noticed qw's ghost (novice GrHu)
  5974 | D:7      | Noticed a moth of wrath
  5975 | D:7      | Found a transporter.
  5993 | D:7      | Found a transporter.
  6027 | D:7      | Reached skill level 11 in Ranged Weapons
  6378 | D:7      | 6378 ||| UPGRADING to Hermit's Pendant {Faith Invo=14 Evo=0
                  | MP+5}.
  6467 | D:7      | 6467 ||| READING scroll of identify.
  6467 | D:7      | 6467 ||| IDENTIFYING puce potion
  6468 | D:7      | 6468 ||| READING scroll labelled ENNU AFUSTRE.
  6468 | D:7      | 6468 ||| ENCHANTING +0 ring mail.
  6469 | D:7      | 6469 ||| READING scroll labelled LATIXE TAXAUF.
  6470 | D:7      | 6470 ||| DROPPING potion of invisibility.
  6517 | D:8      | 6517 ||| STAIRDANCE
  6611 | D:8      | 6611 ||| STAIRDANCE
  6712 | D:8      | 6712 ||| STAIRDANCE
  6714 | D:7      | 6714 ||| FLEEEEING.
  6821 | D:8      | 6821 ||| STAIRDANCE
  6915 | D:8      | 6915 ||| STAIRDANCE
  7011 | D:8      | 7011 ||| DRINKING 3 potions of curing.
  7011 | D:8      | 7011 ||| (to cure confusion)
  7015 | D:8      | 7015 ||| DRINKING 2 potions of curing.
  7015 | D:8      | 7015 ||| (to cure confusion)
  7033 | D:8      | Reached XP level 10. HP: 62/64 MP: 20/20
  7098 | D:8      | Noticed a kobold demonologist
  7101 | D:8      | 7101 ||| RETREEEEATING.
  7103 | D:8      | Noticed an orange demon
  7103 | D:8      | 7103 ||| RETREEEEATING.
  7104 | D:8      | 7104 ||| RETREEEEATING.
  7105 | D:8      | 7105 ||| RETREEEEATING.
  7106 | D:8      | 7106 ||| RETREEEEATING.
  7107 | D:8      | 7107 ||| RETREEEEATING.
  7109 | D:8      | 7109 ||| ZAPPING wand of iceblast (3) at 2,1 (orange demon;
                  | floor).
  7110 | D:8      | 7110 ||| RETREEEEATING.
  7114 | D:8      | Noticed a soul eater
  7114 | D:8      | 7114 ||| ZAPPING wand of iceblast (2) at 2,0 (kobold
                  | demonologist; open_door).
  7117 | D:8      | Noticed a rust devil
  7117 | D:8      | Noticed an orange demon
  7118 | D:8      | Killed a kobold demonologist
  7119 | D:8      | Reached skill level 12 in Ranged Weapons
  7257 | D:8      | 7257 ||| FLEEEEING.
  8128 | D:8      | 8128 ||| UPGRADING to +0 steam dragon scales.
  8138 | D:8      | 8138 ||| DROPPING +1 ring mail.
  8139 | D:8      | 8139 ||| DROPPING amulet of faith.
  8140 | D:8      | 8140 ||| READING scroll of identify.
  8140 | D:8      | 8140 ||| IDENTIFYING lumpy red potion
  8141 | D:8      | 8141 ||| READING 2 scrolls labelled HUACLI TEYBBO.
  8142 | D:8      | 8142 ||| DROPPING scroll of amnesia.
  8143 | D:8      | 8143 ||| DROPPING potion of berserk rage.
  8225 | D:9      | 8225 ||| STAIRDANCE
  8235 | D:8      | 8235 ||| FLEEEEING.
  8238 | D:8      | 8238 ||| STAIRDANCE
  8367 | D:9      | 8367 ||| STAIRDANCE
  8369 | D:8      | 8369 ||| RETREEEEATING.
  8370 | D:8      | 8370 ||| RETREEEEATING.
  8371 | D:8      | 8371 ||| RETREEEEATING.
  8371 | D:8      | HP: 14/64 [yak (6)]
  8372 | D:8      | 8372 ||| READING 3 scrolls of teleportation.
  8372 | D:8      | HP: 4/64 [yak (10)]
  8372 | D:8      | Slain by a yak

Levels and vault maps discovered:
D:1:      dpeg_arrival_arbitrary_a, layout_basic, grunt_decor_resistance,
          nrook_mini_vaults
D:2:      layout_basic
D:3:      layout_rooms, nicolae_overflow_ecumenical_swirl,
          gammafunk_temple_overflow_arena, serial_shops, shop,
          kennysheep_generic_room_8, uniq_terence, uniq_jessica
D:4:      layout_basic, overflow_temple_1_default, mainiacjoe_overflow_alcove_1,
          serial_shops, nicolae_shop_mannequins, minmay_manual_mandibuliform,
          uniq_pargi, uniq_natasha
D:5:      layout_cave_pools, nicolae_uskayaw_suspiria,
          minmay_temple_entry_ruins, chequers_garden, grunt_tough_drop
D:6:      layout_layer_cave, gup_sewer_entry_bubbles, minmay_ogre_servants
D:7:      layout_rooms, gammafunk_ghost_wrathful_warriors, serial_aquarium,
          aquarium_bridge_square [aquarium_subvault_wall,
          aquarium_subvault_window, aquarium_subvault_bridge,
          aquarium_subvault_wall], aquarium_window_fake, aquarium_window_2,
          aquarium_window_corridor_3, aquarium_view_2b, aquarium_balcony_1a,
          grunt_decor_clamped, hellmonk_guarded_unrand_hermit, uniq_duvessa,
          uniq_crazy_yiuf_cottage, uniq_joseph
D:8:      layout_basic
D:9:      layout_layer_cave, grunt_temple_overflow_growth_and_decay,
          kennysheep_mini_moat, lemuel_tele_altar,
          nicolae_wu_jian_immortal_techniques, serial_shops,
          nicolae_shop_tiny_statue_garden, minmay_increasing_density
Temple:   jpeg_temple_clearing

Skill      XL: |  1  2  3  4  5  6  7  8  9 10 |
---------------+-------------------------------+-----
Ranged Weapons | 5 6 7 8 10 11 12 | 12.9
Fighting       | 3 4 5 6 8 |  8.1
Armour         | 1 2 |  2.5
Dodging        | 2 3 4 |  4.0
Stealth        | |  1.1

Action                     |  1- 3 |  4- 6 |  7- 9 | 10-12 || total
---------------------------+-------+-------+-------+-------++-------
   Fire: Shortbow          |    79 |       |       |       ||    79
         Orcbow            |    13 |    70 |   239 |    86 ||   408
  Evoke: Wand              |       |     2 |     2 |     2 ||     6
    Use: Scroll            |     3 |     7 |     4 |     3 ||    17
         Potion            |     1 |     1 |     4 |       ||     6
 Armour: Leather armour    |    26 |       |       |       ||    26
         Ring mail         |       |    35 |    98 |    45 ||   178
         Steam dragon scal |       |       |       |    30 ||    30
  Dodge: Dodged            |    26 |    22 |    78 |    73 ||   199
  Block: Other             |       |       |     7 |       ||     7
         Reflection        |       |       |     3 |       ||     3

Table legend:
 A = Non-vault XP
 B = Vault XP
 C = Vault XP percentage of total XP
 D = Non-vault monster count
 E = Vault monster count
 F = Vault count percentage of total count
                 A         B        C        D         E       F
            +---------+---------+-------+---------+---------+-------
      Total |    5049 |    1854 |  26.9 |     180 |      57 |  24.1
            +---------+---------+-------+---------+---------+-------
        D:1 |      51 |       0 |   0.0 |      30 |       0 |   0.0
        D:2 |      51 |       0 |   0.0 |      16 |       0 |   0.0
        D:3 |      67 |      77 |  53.5 |      18 |       3 |  14.3
        D:4 |     228 |     361 |  61.3 |      18 |       7 |  28.0
        D:5 |     646 |      33 |   4.9 |      16 |       1 |   5.9
        D:6 |     446 |     195 |  30.4 |      12 |      17 |  58.6
        D:7 |     964 |     882 |  47.8 |      33 |       4 |  10.8
        D:8 |    2596 |       0 |   0.0 |      37 |       0 |   0.0
      Sewer |       0 |     306 | 100.0 |       0 |      25 | 100.0
            +---------+---------+-------+---------+---------+-------
